 Dungeon Crawl Stone Soup version 0.30.0-29-ga12c61a403 (webtiles) character file.

Game seed: 2535612709108315946

991 ChadusMaximus the Shield-Bearer (level 8, -3/64 HPs)
             Began as a Formicid Fighter on June 17, 2023.
             Slain by an orc warrior
             ... wielding a +0 halberd
              (7 damage)
             ... on level 5 of the Dungeon.
             The game lasted 00:05:05 (4246 turns).

ChadusMaximus the Shield-Bearer (Formicid Fighter)  Turns: 4246, Time: 00:05:07

Health: -3/64      AC: 11    Str: 29    XL:     8   Next: 41%
Magic:  8/8        EV: 10    Int:  8    God:
Gold:   146        SH: 11    Dex: 13    Spells: 7/7 levels left

rFire   . . .        a - +0 war axe
rCold   . . .        c - +0 buckler
rNeg    . . .        b - +0 scale mail
rPois   .            (helmet unavailable)
rElec   .            (no cloak)
rCorr   .            (no gloves)
SInv    +            (no boots)
Will    .....        l - amulet of reflection Stlth
                     j - +4 ring of protection
HPRegen 0.30/turn    r - +6 ring of strength
MPRegen 0.11/turn

%: reflection
@: no status effects
A: permanent stasis, dig shafts and tunnels, antennae 3, four strong arms
a: Dig, Shaft Self


You were on level 5 of the Dungeon.
You visited 1 branch of the dungeon, and saw 5 of its levels.
You also visited: Sewer.

You collected 146 gold pieces.

Inventory:

Hand Weapons
 a - a +0 war axe (weapon)
Missiles
 A - 5 boomerangs
Armour
 b - a +0 scale mail (worn)
 c - a +0 buckler (worn)
Jewellery
 j - a +4 ring of protection (left hand)
 l - an amulet of reflection (around neck)
 r - a +6 ring of strength (right hand)
 t - the amulet of Elemental Vulnerability {rPois rF-- rC-- AC+8}
   (You found it on level 3 of the Dungeon)

   [amulet of nothing]

   AC:        It affects your AC (+8).
   rF:        It makes you very vulnerable to fire.
   rC:        It makes you very vulnerable to cold.
   rPois:     It protects you from poison.
 z - a ring of positive energy
Scrolls
 f - a scroll of blinking {unknown}
 g - 4 scrolls of poison {unknown}
 k - 5 scrolls of identify {unknown}
 m - a scroll of teleportation {unknown}
 q - a scroll of summoning {unknown}
 s - a scroll of enchant armour {unknown}
 w - 2 scrolls of enchant weapon {unknown}
 y - a scroll of fog {unknown}
Potions
 d - 3 potions of might
 e - 2 potions of flight {unknown}
 h - a potion of invisibility {unknown}
 i - 2 potions of brilliance {unknown}
 n - 3 potions of attraction {unknown}
 o - a potion of ambrosia {unknown}
 p - 3 potions of curing {unknown}
 u - 2 potions of heal wounds {unknown}
 v - a potion of resistance {unknown}
 x - a potion of haste {unknown}
 B - a potion of magic {unknown}


   Skills:
 + Level 6.0 Fighting
 + Level 4.9 Axes
 + Level 6.0 Armour
 + Level 7.2 Shields


You had 7 spell levels left.
You didn't know any spells.
Your spell library contained the following spells:

 Spells                   Type           Power      Damage    Failure   Level
 Apportation              Tloc           0%         N/A       69%         1
 Necrotise                Necr           0%         1d4       69%         1
 Sandblast                Erth           0%         2d4       69%         1
 Summon Small Mammal      Summ           0%         N/A       69%         1
 Passwall                 Tmut/Erth      0%         N/A       83%         2
 Sublimation of Blood     Necr           0%         N/A       83%         2
 Wereblood                Tmut           0%         N/A       83%         2
 Stone Arrow              Conj/Erth      0%         3d7       96%         3
 Tukima's Dance           Hex            0%         N/A       96%         3
 Vampiric Draining        Necr           0%         2d6       96%         3
 Volatile Blastmotes      Fire/Tloc      0%         2d10      96%         3
 Fulminant Prism          Conj/Hex       0%         3d5       100%        4
 Iskenderun's Mystic Bla  Conj/Tloc      0%         2d3       100%        4
 Passage of Golubria      Tloc           0%         N/A       100%        4
 Agony                    Necr           0%         N/A       100%        5
 Lee's Rapid Deconstruct  Erth           0%         3d4*      100%        5
 Yara's Violent Unravell  Hex/Tmut       0%         3d3       100%        5
 Summon Hydra             Summ           0%         N/A       100%        7


Dungeon Overview and Level Annotations

Branches:
Dungeon (5/15)              Sewer (visited)
 Temple: D:4-7

Altars:
Dithmenos
Nemelex Xobeh
Uskayaw
Vehumet

Shops:
D:4 *

Annotations:
D:2 Jessica
D:3 3 runed translucent doors, Zippel's ghost, amateur DEWn


Innate Abilities, Weirdness & Mutations

You cannot be hasted, slowed, berserked, paralysed or teleported.
You can dig through walls and to a lower floor.
You have a pair of large antennae on your head. (SInv)
Your four strong arms can wield two-handed weapons with a shield.


Message History

The orc wizard mumbles some strange words.
The orc wizard flickers and vanishes for a moment.
The orc wizard gestures at you while chanting.
The magic dart hits you! The orc wizard closely misses you.
You block the orc warrior's attack.
You closely miss the orc wizard. You block the orc wizard's attack.
You block the orc warrior's attack.
You closely miss the orc wizard. You block the orc wizard's attack.
The orc warrior barely misses you.
You hit the orc wizard but do no damage.
The orc wizard hits you with a +0 dagger of protection.
You block the orc warrior's attack.
You slash the orc wizard!
The orc wizard is almost dead.
You block the orc wizard's attack.
The orc warrior hits you from afar with a +0 halberd!
You block the orc warrior's attack. You block the orc wizard's attack.
You slash the orc wizard!
You kill the orc wizard!
You block the orc warrior's attack.
Your Armour skill increases to level 6!
You block the orc warrior's attack.
Things that are here:
a +0 dagger of protection; a +0 robe You barely miss the orc warrior.
The orc warrior barely misses you.
You barely miss the orc warrior. You block the orc warrior's attack.
You hit the orc warrior but do no damage.
You block the orc warrior's attack.
The orc warrior hits you with a +0 halberd!
You closely miss the orc warrior. You block the orc warrior's attack.
You closely miss the orc warrior.
The orc warrior hits you with a +0 halberd!
* * * LOW HITPOINT WARNING * * *
You barely miss the orc warrior.
The orc priest calls down the wrath of Beogh upon you.
Beogh smites you!
* * * LOW HITPOINT WARNING * * *
The orc warrior closely misses you.
The orc warrior hits you with a +0 halberd!
You die...

#######
.......################
.......)oooo@.........#######
.......#############..(......
....... #......... .......
#......... ....... #..)......
.<...$. #......... ..#.###
#......... .... #.........
#.........


You could see an orc warrior, an orc priest and 2 orcs.

Vanquished Creatures
  Sigmund (D:4)
  An ice beast (D:5)
  A black bear (D:4)
  3 phantoms (D:4)
  3 jellies (Sewer)
  2 iguanas (D:4)
  An orc wizard (D:5)
  A gnoll (D:1)
  13 adders
  2 river rats
  3 worms
  4 dart slugs
  5 orcs
  11 ball pythons
  3 bats
  19 endoplasms
  10 giant cockroaches
  3 hobgoblins
  8 jackals
  2 kobolds
  2 quokkas
  4 frilled lizards (Sewer)
  3 goblins
  8 rats
113 creatures vanquished.

Notes
Turn   | Place    | Note
-------+----------+-------------------------------------------
     0 | D:1      | ChadusMaximus the Formicid Fighter began the quest for the
                  | Orb.
     0 | D:1      | Reached XP level 1. HP: 18/18 MP: 1/1
    71 | D:1      | Reached XP level 2. HP: 17/24 MP: 2/2
   255 | D:1      | Reached XP level 3. HP: 29/29 MP: 3/3
   936 | D:2      | Reached XP level 4. HP: 37/37 MP: 4/4
  1165 | D:2      | Reached XP level 5. HP: 42/42 MP: 5/5
  1192 | D:2      | Noticed Jessica
  1242 | D:1      | Reached skill level 5 in Shields
  1506 | D:2      | Found a hide-covered altar of Uskayaw.
  1666 | D:3      | Found a runed translucent gate.
  2002 | D:3      | Found a faded altar of an unknown god.
  2118 | D:3      | Found a runed translucent gate.
  2118 | D:3      | Found a runed translucent gate.
  2122 | D:3      | Noticed Zippel's ghost (amateur DEWn)
  2127 | D:3      | Found the amulet of Elemental Vulnerability {rPois rF--
                  | rC-- AC+8}
  2478 | D:4      | Noticed a black bear
  2672 | D:4      | Reached XP level 6. HP: 31/49 MP: 6/6
  2703 | D:4      | Found a radiant altar of Vehumet.
  2752 | D:4      | Found a glowing drain.
  2765 | Sewer    | Entered a sewer
  2995 | Sewer    | Reached XP level 7. HP: 51/55 MP: 7/7
  2997 | Sewer    | Reached skill level 5 in Fighting
  2997 | Sewer    | Reached skill level 6 in Shields
  3017 | Sewer    | Found a shimmering altar of Xom.
  3034 | Sewer    | Reached skill level 5 in Armour
  3272 | D:4      | Found Hestrony's Assorted Antiques.
  3615 | D:4      | Noticed Sigmund
  3627 | D:4      | Killed Sigmund
  3628 | D:4      | Reached XP level 8. HP: 49/64 MP: 8/8
  3772 | D:4      | Found a sparkling altar of Nemelex Xobeh.
  3967 | D:4      | Reached skill level 7 in Shields
  4046 | D:4      | Found a shadowy altar of Dithmenos.
  4108 | D:5      | Entered Level 5 of the Dungeon
  4246 | D:5      | Slain by an orc warrior

Illustrated notes

Levels and vault maps discovered:
D:1:      minmay_arrival_glassed_features, layout_basic, minmay_pentomino_w2
D:2:      layout_basic, basic_altar, minmay_surrounded, uniq_jessica
D:3:      layout_basic, gammafunk_ghost_split,
          ebering_ecumenical_altar_sacrificial
D:4:      layout_basic, mainiacjoe_overflow_six_doors_small,
          lemuel_crystal_altar, mainiacjoe_overflow_alcove_4,
          portal_sewer_entry_e, serial_shops, shop, uniq_sigmund
D:5:      layout_basic, pdpol_wu_jian_five_deadly_venoms

Skill      XL: |  1  2  3  4  5  6  7  8 |
---------------+-------------------------+-----
Fighting       | 4 5 6 |  6.0
Armour         | 4 5 6 |  6.0
Axes           | 3 4 |  4.9
Shields        | 5 6 7 |  7.2

Action                     |  1- 3 |  4- 6 |  7- 9 || total
---------------------------+-------+-------+-------++-------
  Melee: War axe           |    57 |   194 |   132 ||   383
    Use: Potion            |       |     1 |       ||     1
 Armour: Scale mail        |    28 |    97 |    73 ||   198
  Dodge: Dodged            |    31 |    90 |    47 ||   168
  Block: Buckler           |    17 |   113 |    86 ||   216
         Reflection        |       |     1 |     2 ||     3
